Cogmind - Beta 15 @@@ ROGUE MODE // 2025.09.30 @ 21:25:20 Player: Figgis Result: Destroyed by D-53 Grenadier with Mini Grenade Launcher Performance ------------- Evolutions (0) 0 Regions Visited (4) 800 Robots Destroyed (3) 15 Value Destroyed (115) 115 Prototype IDs (0) 0 Alien Tech Used (0) 0 Bonus (0) 0 TOTAL SCORE: 930 Bonus ------- None Cogmind --------- Core Integrity 0/250 Matter 243/300 Energy 125/125 System Corruption 0% Temperature Cool (0) Movement Walking (190) Ox1 Location -9/Mines Parts ------- > --- POWER (1) -------- Light Ion Engine > --- PROPULSION (2) --- Aluminum Leg > --- UTILITY (2) ------ Medium Storage Unit > --- WEAPON (2) ------- Assault Rifle Light Assault Rifle > --- INVENTORY (10) --- Ion Engine Aluminum Leg Aluminum Leg Aluminum Leg Improved Titanium Leg ECM Suite Assault Rifle Makeshift Shrapnel Gun Great Axe Peak State ------------ > --- POWER ------------ Light Ion Engine > --- PROPULSION ------- Aluminum Leg Aluminum Leg > --- UTILITY ---------- Small Storage Unit Terrain Scanner > --- WEAPON ----------- Assault Rifle Light Assault Rifle > --- INVENTORY -------- Ion Engine Aluminum Leg Aluminum Leg ECM Suite Light Assault Rifle Makeshift Shrapnel Gun Grenade Launcher [Rating: 8] Favorites ----------- Power Light Ion Engine Engine Light Ion Engine Propulsion Aluminum Leg Leg Aluminum Leg Utility Terrain Scanner Device Terrain Scanner Storage Small Storage Unit Weapon Assault Rifle Ballistic Gun Assault Rifle Launcher Grenade Launcher Build | -11 -10 -10 -10 -9 ------- Run | Yrd Mat Min Exi Min Slots Evolved . | . . . . . Power . | . . . . . Propulsion . | . . . . . Utility . | . . . . . Weapon . | . . . . . Parts Attached 13 | 4 6 1 1 1 Power 2 | . 2 . . . Engine 2 | . 2 . . . Core . | . . . . . Reactor . | . . . . . Propulsion 3 | 2 1 . . . Treads . | . . . . . Leg 3 | 2 1 . . . Wheel . | . . . . . Hover . | . . . . . Flight . | . . . . . Utility 3 | . 2 . 1 . Device 1 | . 1 . . . Storage 2 | . 1 . 1 . Processor . | . . . . . Hackware . | . . . . . Protection . | . . . . . Artifact . | . . . . . Weapon 5 | 2 1 1 . 1 Energy Gun . | . . . . . Energy Cannon . | . . . . . Ballistic Gun 4 | 2 1 1 . . Ballistic Cannon . | . . . . . Launcher 1 | . . . . 1 Special Weapon . | . . . . . Impact Weapon . | . . . . . Slashing Weapon . | . . . . . Piercing Weapon . | . . . . . Special Melee Weapon . | . . . . . Unidentified Prototypes . | . . . . . Parts Lost 3 | . . . . 3 Power . | . . . . . Propulsion 1 | . . . . 1 Utility 1 | . . . . 1 Weapon 1 | . . . . 1 Highest Loss Streak 3 | . . . . 3 To Critical Strikes . | . . . . . Average Backups 6 | 2 4 6 8 9 Power 1 | 1 1 1 1 1 Propulsion 2 | . 1 2 3 3 Utility . | . . 1 1 1 Weapon 2 | . 1 2 3 3 Tool/Special . | . . . . . Unused Backups 7 | 1 . . . 6 Power . | . . . . . Propulsion 4 | 1 . . . 3 Utility 1 | . . . . 1 Weapon 2 | . . . . 2 Tool/Special . | . . . . . Average Slot Usage (%) 95 | . 87 100 100 100 Engine 12 | . 10 14 14 14 Leg 28 | . 28 28 28 28 Device 12 | . 8 14 14 14 Storage 12 | . 10 14 14 14 Ballistic Gun 27 | . 28 28 28 27 Peak Build Rating 8 | 4 7 8 8 8 Average Rating 7 | 1 6 7 8 7 On Entrance 5 | . 4 7 8 8 Naked Turns . | . . . . . Heaviest Build 18 | 2 12 13 18 18 Greatest Support 20 | 3 20 20 20 20 Greatest Overweight (x) . | . . . . . Average Overweight (x) . | . . . . . Largest Inventory Capacity 10 | 5 8 8 10 10 Average Capacity 7 | 5 7 8 8 10 Most Carried 10 | 5 6 8 8 10 Average Carried 6 | 2 4 6 8 9 Final Capacity 10 | 5 8 8 10 10 Final Carried 9 | 4 6 8 8 9 Class Distribution -------------------- 100% | Mutant Dominant Class ---------------- Mutant | -10/Materials Mutant | -10/Mines Mutant | -10/Exiles Mutant | -9/Mines Resources | -11 -10 -10 -10 -9 ----------- Run | Yrd Mat Min Exi Min Matter Collected 374 | 203 131 40 . . Remotely . | . . . . . Salvage Created 131 | . 131 . . . Parts 6 | . 6 . . . Haulers Intercepted . | . . . . . Recyclers Shooed . | . . . . . Parts Field Recycled . | . . . . . Retrieved Matter . | . . . . . Parts Self-Destructed . | . . . . . Prevented . | . . . . . Kills | -11 -10 -10 -10 -9 ------- Run | Yrd Mat Min Exi Min Combat Hostiles Destroyed 3 | . 3 . . . Guns 3 | . 3 . . . Classes Destroyed 1 | . 1 . . . Grunt 3 | . 3 . . . Best Kill Streak 2 | . 2 . . . Combat Bots Only 2 | . 2 . . . Max Kills in Single Turn 1 | . 1 . . . Gunslinging . | . . . . . Exploded . | . . . . . Melee . | . . . . . Uniques/NPCs Destroyed . | . . . . . Combat | -11 -10 -10 -10 -9 -------- Run | Yrd Mat Min Exi Min Hostile Shots Fired 36 | . 24 . . 12 Missed 12 | . 11 . . 1 Hits 24 | . 13 . . 11 Projectile 24 | . 13 . . 11 AOE 12 | . . . . 12 Damage Taken 711 | . 177 . . 534 Core 263 | . 73 . . 190 Absorbed by Shields . | . . . . . Core Remaining (%) 100 | 100 . . . . Volleys Fired 29 | . 24 . . 5 Largest 2 | . 2 . . 2 Hottest 50 | . 40 . . 50 Shots Fired 58 | . 48 . . 10 Gun 56 | . 48 . . 8 Cannon . | . . . . . Launcher 2 | . . . . 2 Special . | . . . . . Kinetic 56 | . 48 . . 8 Thermal . | . . . . . Explosive 2 | . . . . 2 Electromagnetic . | . . . . . Robot Hit Streak 18 | . 18 . . 4 Robot Miss Streak 4 | . 3 . . 4 Penetration Max . | . . . . . Secondary Targets . | . . . . . Shots Hit Robots 39 | . 34 . . 5 Core Hits 11 | . 9 . . 2 Critical Kills . | . . . . . Critical Parts Destroyed . | . . . . . Critical Strikes . | . . . . . Melee Attacks . | . . . . . Impact . | . . . . . Slashing . | . . . . . Piercing . | . . . . . Sneak Attacks . | . . . . . Combat Hostiles . | . . . . . Follow-up Attacks . | . . . . . Damage Inflicted 367 | . 306 . . 61 Guns 335 | . 306 . . 29 Cannons . | . . . . . Explosions 32 | . . . . 32 Melee . | . . . . . Ramming . | . . . . . Kinetic 335 | . 306 . . 29 Thermal . | . . . . . Explosive 32 | . . . . 32 Electromagnetic . | . . . . . Impact . | . . . . . Slashing . | . . . . . Piercing . | . . . . . Highest Corruption . | . . . . . Average Corruption . | . . . . . Corruption Purged . | . . . . . Corruption Blocked . | . . . . . Overload Shots . | . . . . . Overflow Damage . | . . . . . Projectiles . | . . . . . Explosions . | . . . . . Melee . | . . . . . Knockbacks . | . . . . . Impact . | . . . . . Kinetic . | . . . . . Secondary . | . . . . . Self-Inflicted Damage . | . . . . . Shots . | . . . . . Rammed . | . . . . . Targets Rammed . | . . . . . Kicked . | . . . . . Crushed . | . . . . . Highest Temperature 10 | . 10 . . . Average Temperature 3 | . 3 . . . Received Heat Transfer 99 | . 99 . . . Siege Activations . | . . . . . Martial Activations . | . . . . . Shielding Activations . | . . . . . Robots Disrupted . | . . . . . Combat Hostiles . | . . . . . Robots Corrupted . | . . . . . Combat Hostiles . | . . . . . Parts Fried . | . . . . . Impact Corruptions . | . . . . . Robots Melted . | . . . . . Combat Hostiles . | . . . . . Parts Melted . | . . . . . Heat Transferred . | . . . . . Parts Sabotaged . | . . . . . Parts Stolen . | . . . . . Parts Stripped . | . . . . . Power Chain Reactions . | . . . . . Alert | -11 -10 -10 -10 -9 ------- Run | Yrd Mat Min Exi Min Maximum Alert Level . | . . . . . Low Security (%) 100 | 100 100 100 . 100 Level 1 . | . . . . . Level 2 . | . . . . . Level 3 . | . . . . . Level 4 . | . . . . . Level 5 . | . . . . . High Security . | . . . . . Max Security . | . . . . . Peak Influence 40 | . 40 2 . 13 Initial 2 | . . 2 . . Average 4 | . 9 . . . Influence Increases 128 | . 115 . . 13 Destroy 0b10 Robot/C 60 | . 60 . . . Destroy Leader 10 | . 10 . . . Destroy Structure 13 | . . . . 13 Lose Combat Pursuer 45 | . 45 . . . Influence Decreases 128 | . 108 7 . 13 Entered New Map 5 | . . 5 . . Time Decay 110 | . 108 2 . . Lost Part 13 | . . . . 13 Squads Dispatched . | . . . . . Investigation . | . . . . . Extermination . | . . . . . Reinforcement . | . . . . . Assault . | . . . . . Garrison . | . . . . . Intercept . | . . . . . Searches Triggered . | . . . . . Construction Impeded . | . . . . . Haulers Reinforced . | . . . . . Active Scanning Responses . | . . . . . Cargo Convoy Interrupts . | . . . . . Stealth | -11 -10 -10 -10 -9 --------- Run | Yrd Mat Min Exi Min Distress Signals 2 | . 2 . . . Communications Jammed . | . . . . . Distress Signals . | . . . . . Times Spotted 10 | . 8 . . 2 Peak Tracking Total 2 | . 2 . . 2 Tactical Retreats 2 | . 2 . . . Traps | -11 -10 -10 -10 -9 ------- Run | Yrd Mat Min Exi Min Traps Triggered 1 | . . . . 1 Indirectly . | . . . . . Trap Hack Attempts . | . . . . . Triggered . | . . . . . Disarmed . | . . . . . Reprogrammed . | . . . . . Reused . | . . . . . Traps Extracted . | . . . . . Installed . | . . . . . Triggered . | . . . . . Machines | -11 -10 -10 -10 -9 ---------- Run | Yrd Mat Min Exi Min Machines Disabled . | . . . . . Max in Single Turn . | . . . . . Machines Repaired . | . . . . . Machines Dismantled . | . . . . . Machines Sabotaged . | . . . . . Overloaded Fab Kills . | . . . . . Hacking | -11 -10 -10 -10 -9 --------- Run | Yrd Mat Min Exi Min Machines Accessed 6 | . 4 . 1 1 Terminals 4 | . 4 . . . Fabricators . | . . . . . Repair Stations . | . . . . . Recycling Units . | . . . . . Scanalyzers . | . . . . . Garrison Access . | . . . . . Total Hacks 14 | . 12 . 1 1 Successful 7 | . 5 . 1 1 Failed 6 | . 6 . . . Catastrophic 1 | . 1 . . . Database Lockouts 1 | . 1 . . . Manual 14 | . 14 . . . Terminals 12 | . 12 . . . Fabricators . | . . . . . Repair Stations . | . . . . . Recycling Units . | . . . . . Scanalyzers . | . . . . . Garrison Access . | . . . . . Terminal Hacks 3 | . 1 . 1 1 Record 1 | . . . 1 . Robot Analysis 1 | . 1 . . . Open Door 1 | . . . . 1 Fabricator Hacks . | . . . . . Repair Station Hacks . | . . . . . Recycling Unit Hacks . | . . . . . Scanalyzer . | . . . . . Garrison Access Hacks . | . . . . . Unauthorized Hacks 4 | . 4 . . . Terminals 4 | . 4 . . . Botnet 4 | . 4 . . . Fabricators . | . . . . . Repair Stations . | . . . . . Recycling Units . | . . . . . Scanalyzers . | . . . . . Garrison Access . | . . . . . Data Cores Recovered . | . . . . . Used . | . . . . . Hacking Detections 5 | . 5 . . . Full Trace Events . | . . . . . Feedback Events . | . . . . . Feedback Blocked . | . . . . . Robot Schematics Acquired . | . . . . . Robots Built . | . . . . . Authchips . | . . . . . Time . | . . . . . Total Robot Build Rating . | . . . . . Part Schematics Acquired . | . . . . . Parts Built . | . . . . . Authchips . | . . . . . Time . | . . . . . Total Part Build Rating . | . . . . . Parts Repaired . | . . . . . Time . | . . . . . Parts Recycled . | . . . . . Recycled Matter . | . . . . . Retrieved Matter . | . . . . . Retrieved Components . | . . . . . Parts Scanalyzed . | . . . . . Part Schematics Acquired . | . . . . . Parts Damaged . | . . . . . Bothacking | -11 -10 -10 -10 -9 ------------ Run | Yrd Mat Min Exi Min Used RIF Installer . | . . . . . Robots Hacked . | . . . . . Non-combat . | . . . . . Combat . | . . . . . Robot Hacks Applied . | . . . . . Relay Couplers Released . | . . . . . Fabnet Peak Effective % . | . . . . . Robots Rewired . | . . . . . Allies Hacked . | . . . . . Hacks Repelled . | . . . . . Allies | -11 -10 -10 -10 -9 -------- Run | Yrd Mat Min Exi Min Total Allies . | . . . . . Largest Group . | . . . . . Highest-Rated Group . | . . . . . Highest-Rated Ally . | . . . . . Total Orders . | . . . . . Ally Attacks . | . . . . . Total Damage . | . . . . . Kills . | . . . . . Allies Corrupted . | . . . . . Allies Melted . | . . . . . Intel | -11 -10 -10 -10 -9 ------- Run | Yrd Mat Min Exi Min Active Infowar (turns) 1005 | . 247 227 389 142 Terrain 1005 | . 247 227 389 142 Robot Analysis Total 1 | . 1 . . . Derelict Logs Recovered 2 | . . 1 . 1 Drone Launches . | . . . . . Drone Recoveries . | . . . . . Exploration | -11 -10 -10 -10 -9 ------------- Run | Yrd Mat Min Exi Min Turns Passed 1197 | 34 405 227 389 142 Spaces Moved 934 | 42 288 178 324 102 Core 96 | 42 54 . . . Treads . | . . . . . Legs 838 | . 234 178 324 102 Wheels . | . . . . . Hover . | . . . . . Flight . | . . . . . Fastest Speed 50 | 50 50 120 120 120 Average Speed 112 | 50 106 120 120 120 Slowest Speed 120 | 50 120 120 120 120 Overloaded Moves . | . . . . . Propulsion Burnouts . | . . . . . Robots Hopped . | . . . . . Potential Cave-ins . | . . . . . Cave-ins Triggered . | . . . . . Exploration Rate (%) 38 | 3 44 51 75 21 Regions Visited 4 Branch Regions 3 Pre-discovered Areas . | . . . . . Known Exits Taken . | . . . . . Unknown Exits Taken 4 | 1 1 1 1 . Scrap Searched 2 | . . 2 . . Spaces Dug . | . . . . . Terrain Destroyed 19 | . . . . 19 Melee . | . . . . . Projectile . | . . . . . AOE 19 | . . . . 19 Terrain Rammed . | . . . . . Walls Destroyed . | . . . . . Machines Disabled . | . . . . . Actions | -11 -10 -10 -10 -9 --------- Run | Yrd Mat Min Exi Min Total 1027 | 55 344 192 325 111 Wait 32 | . 21 11 . . Move 930 | 41 287 177 323 102 Hop . | . . . . . Pick Up 18 | 9 5 2 . 2 Fast Attach . | . . . . . Attach 8 | 4 3 . . 1 Detach . | . . . . . Swap 6 | . 3 1 1 1 Drop 4 | 1 1 1 1 . Fire 29 | . 24 . . 5 Melee . | . . . . . Ram . | . . . . . Kick . | . . . . . Crush . | . . . . . Escape Stasis . | . . . . . Rewire . | . . . . . Trap . | . . . . . Miscellaneous . | . . . . . Route ------- -11/Scrapyard -10/Materials (discovered 3 exits: [*Mat] / [*Min] / [*Sub]) -10/Mines -10/Exiles -9/Mines History --------- Turn | Location | Event 8 | -11/Scrapyard | Discovered new exit (range 16) 35 | -11/Scrapyard | Entered Materials 238 | -10/Materials | Central database locked down 270 | -10/Materials | Discovered new exit (range 3) 308 | -10/Materials | Build established: Mutant 422 | -10/Materials | Discovered new exit (range 6) 432 | -10/Materials | Discovered new exit (range 8) 440 | -10/Materials | Entered Mines 466 | -10/Mines | Met a Derelict bent on vengeance 539 | -10/Mines | A weapon hastily lodged in a ceiling crevice suddenly fell to the ground 588 | -10/Mines | Learned 2 Materials zone layouts 660 | -10/Mines | Deemed a non-threat by the Exiles lab entrance 661 | -10/Mines | Discovered new exit (range 5) 667 | -10/Mines | Entered Exiles 667 | -10/Exiles | Found Exiles lab abandoned 1042 | -10/Exiles | Discovered new exit (range 14) 1056 | -10/Exiles | Entered Mines 1067 | -9/Mines | Met a Derelict who couldn't figure out how to use a Trap Extractor 1140 | -9/Mines | Assembled infested the area 1142 | -9/Mines | Learned 4 Materials zone layouts 1191 | -9/Mines | Core integrity fell below 50% 1193 | -9/Mines | Core integrity fell below 20% 1198 | -9/Mines | Destroyed by D-53 Grenadier with Mini Grenade Launcher Last Messages --------------- something nasty happens..." 01067_ Tosses Imp. Trap Extractor to the ground. 01067_ RH-TY5(g) triggered Proton Bomb Trap. 01067_ A bubble of electromagnetic force engulfs the area. 01067_ SHOP.Sys disabled. 01067_ Machine disabled. 01078_ Acquired Corrupted Imp. Titanium Leg. 01096_ Triggered Explosive Trap. 01096_ An explosion rips through the floor. 01099_ Acquired Corrupted Great Axe. 01140_ ALERT: Infestation in the mines, dispatching Demolisher response squad. 01142_ Acquired derelict log, extracted data. Data stored: Materials zone layouts (x4). 01186_ C-30 ARC bursts open, deploying its payload. 01186_ D-53 Grenadier unfolds itself. 01192_ Grenade Launcher destroyed. 01194_ Aluminum Leg destroyed. 01198_ The unstable cave ceiling collapses. 01198_ Terrain Scanner destroyed. Map ----- +----------------------------------------------------+ | ?????????????????????????????????????????????????? | | ?????????????????????????????????????????????????? | | ?????????????????????????????????????????????????? | | ?????????????????????????????????????????????????? | | ????????????????????????????????#???????????#????? | | ?????????????????????????????????????????????????? | | ???????????????????????????????????????????????? | | ???????????????????????????????????????????????? | | ???????????????????????????????????????????????? | | ????????????????????????????###??????????????#?# | | ????????????????????????????# ????????#????### | | ????????????????????????????# #?????????????# | | ????????????????????????????# #????????????? | | ??????????????????????####### #????????????? | | ??????????????????????# # # #?????????????# | | ???????????????????#??# ############### | | ???????????????????# ## % r | | ???????????????????# | | ???????????????????#### dd ############# | | ??????????????????#???? #???????????## | | ??????????????????????## #??#?????????## | | ???????????????#??#??## #???#??#??????## | | ??????????????#???#?## ####??????????## | | ???????????????###### #??????#??## | | ???????????????# #? #????????## | | ???????????????# @ #? #??#?????# | | ???????????????## ## ## #?#??????# | | ????????????????##### ## ##???????## | | ????????????????????## # #????????### | | ????????????#????????## # #??????????##### | | ??????????????????????###?## #??????????????? | | ???????????????????????????########??????#??????#? | | ???????????????????????????????#?????????????????? | | | | | | | | | | | | | | | | | | | | | | | | | | | | | | | | | | | +----------------------------------------------------+ Best States ------------- Heat Dissipation 25 Energy Generation 10 Energy Capacity 125 Matter Stores 300 Matter Capacity 300 Sight Range 16 Terrain Scan Range 14 Terrain Scan Density 10 Evasion (%) 55 Item Schematics ----------------- None Robot Schematics ------------------ None Fabricated ------------ Nothing Repaired ---------- Nothing Alien Tech Used ----------------- None Achievements -------------- None Challenges ------------ None Game ------ Seed SmartDiametricMatterbank Manual? 0 Play Time 00:09:13 Cumulative 195.6 hours Start 2025.09.30 @ 21:16:22 End 2025.09.30 @ 21:25:20 Sessions 1 Manual Loads 0 Difficulty Rogue Special Mode None Game No. 314 Rogue 311 Adventurer 3 Explorer 0 Win Type - Total 1 Types 1/0/0/0/0/0/0/0/0/0 Lore% 65 Gallery% 60 Achievement% 47 Wizard Run 0 Options --------- Layout 0 ASCII 0 Keyboard 0 Movement Mouse Keybinds 0 Fullscreen 2 Font 18/SmallcapsGlow Map View 76x50 Zoom Use 0% Tactical HUD 1 Map Filters NONE Filters NONE Steam 1 RUN: f392ac89-a7f0-4de2-beb5-47d9104f0ab5